 Dungeon Crawl Stone Soup version 0.29.0-4-gdea44cf6ec (webtiles) character file.

Game seed: 14856676770663077650

25 qw the Sneak (level 3, -1/23 HPs)
             Began as a Gargoyle Delver on Sept 10, 2022.
             Slain by an iguana (3 damage)
             ... on level 4 of the Dungeon.
             The game lasted 00:00:09 (151 turns).

qw the Sneak (Gargoyle Delver)                       Turns: 151, Time: 00:00:09

Health: -1/23      AC:  6    Str: 17    XL:     3   Next: 4%
Magic:  3/3        EV: 11    Int: 10    God:
Gold:   0          SH:  0    Dex: 11    Spells: 2/2 levels left

rFire   . . .      SeeInvis .   a - +0 hand axe
rCold   . . .      Faith    .   (no shield)
rNeg    + . .      Spirit   .   b - +0 leather armour
rPois   inf        Reflect  .   (no helmet)
rElec   +          Harm     .   (no cloak)
rCorr   .          Rampage  .   (no gloves)
Will    .....                   (no boots)
Stlth   +++.......              (no amulet)
HPRegen 0.07/turn               (no ring)
MPRegen 0.08/turn               (no ring)

@: no status effects
A: sickness immunity, AC +3, negative energy resistance 1, electricity
resistance, torment resistance 1, petrification resistance
a: no special abilities


You were on level 4 of the Dungeon.
You visited 1 branch of the dungeon, and saw 2 of its levels.


Innate Abilities, Weirdness & Mutations

You are immune to sickness and miasma.
Your stone body is resilient. (AC +3)
You are immune to poison.
You resist negative energy. (rN+)
You are resistant to electric shocks. (rElec)
You are resistant to unholy torment.
You are immune to petrification.


   Skills:
 - Level 3.2 Fighting
 + Level 3.1 Axes
 - Level 1.5 Dodging
 - Level 5.4 Stealth


You had 2 spell levels left.
You didn't know any spells.
Your spell library was empty.

Inventory:

Hand Weapons
 a - a +0 hand axe (weapon)
Armour
 b - a +0 leather armour (worn)
Wands
 g - a wand of digging (3)
Potions
 f - a potion of haste

Dungeon Overview and Level Annotations

Branches:
Dungeon (5/15)
 Temple: D:4-7

Altars:


Message History

You closely miss the adder. The adder barely misses you. The adder bites you.
You hit the adder.
The adder is lightly wounded.
The adder bites you but does no damage.
You hit the adder.
The adder is moderately wounded.
The adder closely misses you. The adder bites you.
You closely miss the adder.
The adder is moderately wounded.
The adder bites you but does no damage.
You hit the adder.
The adder is heavily wounded.
The adder bites you.
An iguana comes into view.
The adder bites you.
You barely miss the adder.
The adder is heavily wounded.
The adder bites you but does no damage.
The iguana hisses angrily.
You hit the adder.
The adder is almost dead.
The adder bites you but does no damage. x2
You closely miss the adder.
The adder is almost dead.
The adder bites you.
You barely miss the adder.
The adder is almost dead.
The adder bites you. The adder closely misses you.
You hit the adder.
You kill the adder!
Your Axes skill increases to level 3!
You have reached level 3!
Your experience leads to an increase in your attributes!
Increase (S)trength, (I)ntelligence, or (D)exterity?
You feel stronger. x2
You hit the iguana but do no damage.
The iguana bites you but does no damage.
You hit the iguana but do no damage. The iguana bites you.
You die...

........
.......... ...
.....#####.
#.##...^......
#...........# ##
#..#........
...#........## ..
..#.....l%...###..
.....#..@#....#...
..#....##........
...<.....#h.......
.....##..h........
..................
..........>.......
..................
..................
...........###...


You could see an iguana.

Vanquished Creatures
  2 adders (D:4)
  An endoplasm (D:4)
  A giant cockroach (D:4)
  3 jackals (D:4)
7 creatures vanquished.

Notes
Turn   | Place    | Note
-------+----------+-------------------------------------------
     0 | D:5      | qw the Gargoyle Delver began the quest for the Orb.
     0 | D:5      | Reached XP level 1. HP: 14/14 MP: 1/1
     0 | D:5      | 0 ||| qw: Version: 0.1-a-117-gfe26ee0
     0 | D:5      | 0 ||| qw: Game counter: 9720
     0 | D:5      | 0 ||| qw: Always use a shield: true
     0 | D:5      | 0 ||| qw: God list: Okawaru
     0 | D:5      | 0 ||| qw: Allow faded altars: false
     0 | D:5      | 0 ||| qw: Do Orc after D:15 true
     0 | D:5      | 0 ||| qw: Do second Lair branch before Depths: true
     0 | D:5      | 0 ||| qw: Lair rune preference: random
     0 | D:5      | 0 ||| qw: Plans: Normal
     0 | D:5      | 0 ||| PLANNING D:1-11
     9 | D:5      | 9 ||| DROPPING scroll of fog.
    10 | D:5      | 10 ||| DROPPING scroll of magic mapping.
    11 | D:5      | 11 ||| DROPPING scroll of fear.
    32 | D:4      | Reached XP level 2. HP: 12/19 MP: 2/2
    93 | D:4      | 93 ||| Stepping ~*~*~tactically~*~*~ (stealth).
    95 | D:4      | 95 ||| Stepping ~*~*~tactically~*~*~ (stealth).
    97 | D:4      | 97 ||| Stepping ~*~*~tactically~*~*~ (stealth).
    98 | D:4      | 98 ||| Stepping ~*~*~tactically~*~*~ (stealth).
    99 | D:4      | 99 ||| Stepping ~*~*~tactically~*~*~ (stealth).
   100 | D:4      | 100 ||| Stepping ~*~*~tactically~*~*~ (stealth).
   101 | D:4      | 101 ||| Stepping ~*~*~tactically~*~*~ (stealth).
   103 | D:4      | 103 ||| Stepping ~*~*~tactically~*~*~ (stealth).
   109 | D:4      | 109 ||| Stepping ~*~*~tactically~*~*~ (stealth).
   147 | D:4      | HP: 4/19 [adder (1)]
   148 | D:4      | HP: 1/19 [adder (3)]
   150 | D:4      | Reached skill level 3 in Axes
   150 | D:4      | Reached XP level 3. HP: 2/23 MP: 3/3
   151 | D:4      | Slain by an iguana

Levels and vault maps discovered:
D:4:      layout_cave_pools
D:5:      minmay_octagon_keep, layout_gridville, cheibrodos_sewer_entry_bend

Skill      XL: |  1  2 |
---------------+-------+-----
Axes           | 2 3 |  3.1
Fighting       | |  3.2
Dodging        | |  1.5
Stealth        | |  5.4

Action                   || total
-------------------------++-------
Melee: Hand axe          ||    38
       Punch             ||     1
Armor: Leather armour    ||    18
Dodge: Dodged            ||    32

Table legend:
 A = Non-vault XP
 B = Vault XP
 C = Vault XP percentage of total XP
 D = Non-vault monster count
 E = Vault monster count
 F = Vault count percentage of total count
                 A         B        C        D         E       F
            +---------+---------+-------+---------+---------+-------
      Total |      36 |       0 |   0.0 |       7 |       0 |   0.0
            +---------+---------+-------+---------+---------+-------
        D:4 |      36 |       0 |   0.0 |       7 |       0 |   0.0
            +---------+---------+-------+---------+---------+-------
